Map: 瑟拉斯遺跡

Players

Fist

  • Race: Zerg Zerg
  • League: Diamond

Nice - Winner!

  • Race: Protoss Protoss
  • League: Grandmaster

Event: 2016 WCS Winter Challenger Taiwan

VOD

Have the link to the VOD?

Description

Time

  • Played on: Jan. 7, 2016, 4:38 a.m.
  • Length: 14:21

All games in this series

Show
View Real Time Build Order
Export as new Build Order

Fist Zerg 

Build Orders: Hatch First 

Get SALT Encoding   

  12  0:01  Drone  
  13  0:12  Overlord  
  13  0:18  Drone  
  14  0:30  Drone x2  
  14  0:35  Drone  
  17  0:45  Drone  
  18  0:57  Hatchery  
  17  1:09  Spawning Pool  
  16  1:13  Drone  
  17  1:18  Extractor  
  17  1:21  Drone  
  17  1:27  Drone  
  18  1:40  Overlord  
  18  1:55  Drone  
  18  1:56  Queen  
  18  1:58  Zergling x2  
  22  2:04  Zergling x2  
  23  2:09  Queen  
  23  2:11  Zergling x4  
  27  2:19  Metabolic Boost  
  27  2:23  Drone  
  27  2:24  Drone  
  29  2:35  Drone x2  
  31  2:43  Overlord  
  31  2:44  Drone  
  32  2:56  Drone x2  
  34  3:12  Zergling x8  
  37  3:18  Zergling x2  
  37  3:19  Zergling x8  
  42  3:29  Zergling x2  
  42  3:30  Zergling x2  
  42  3:33  Hatchery  
  43  3:46  Overlord  
  43  3:50  Drone  
  43  3:52  Overlord  
  44  4:03  Overlord  
  44  4:13  Drone  
  44  4:14  Drone x4  
  46  4:19  Zergling x8  
  48  4:30  Drone x3  
  48  4:31  Drone, Lair  
  50  4:32  Queen  
  50  4:39  Drone  
  50  4:45  Drone  
  52  4:47  Drone  
  52  4:51  Extractor  
  52  4:52  Extractor  
  51  4:53  Drone  
  51  4:54  Drone  
  51  5:01  Drone x2  
  51  5:19  Drone x8  
  51  5:20  Drone x2, Queen  
  61  5:26  Queen  
  63  5:32  Extractor  
  63  5:34  Hydralisk Den  
  61  5:38  Roach Warren  
  60  5:45  Spore Crawler  
  60  5:46  Drone, Spore Crawler x2  
  60  5:47  Drone x11  
  69  5:54  Overlord x2  
  69  6:02  Zergling x2  
  69  6:03  Zergling x4  
  72  6:09  Hydralisk  
  73  6:13  Hydralisk x3  
  79  6:25  Hydralisk x5  
  87  6:33  Extractor x2  
  83  6:45  Roach x4  
  83  6:46  Glial Reconstitution  
  88  6:58  Overlord x2  
  88  6:59  Overlord  
  88  7:10  Muscular Augments  
  88  7:13  Queen  
  88  7:14  Evolution Chamber  
  89  7:20  Drone  
  89  7:21  Drone x4  
  94  7:25  Hatchery  
  93  7:35  Roach x7  
  107  7:38  Overlord  
  107  7:46  Zerg Missile Weapons Level 1  
  107  7:47  Overlord x3  
  107  8:08  Overlord  
  96  8:17  Roach x7  
  110  8:25  Hydralisk  
  110  8:26  Hydralisk x5  
  122  8:28  Ravager x2  
  122  8:30  Ravager  
  122  8:33  Roach  
  122  8:34  Roach x4  
  114  8:49  Roach x4  
  114  8:52  Ravager  
  114  8:53  Ravager  
  114  8:54  Ravager  
  114  8:55  Roach  
  125  8:57  Overlord  
  125  8:59  Overseer  
  125  9:02  Queen  
  127  9:03  Overseer  
  127  9:04  Queen  
  127  9:06  Drone x7  
  116  9:21  Zergling x12  
  103  9:27  Zergling x2  
  102  9:33  Roach x6  
  104  9:41  Zergling x10  
  101  9:46  Overseer  
  101  9:50  Drone x4  
  101  9:51  Zerg Missile Weapons Level 2  
  105  10:03  Drone  
  105  10:04  Drone x3  
  109  10:07  Hydralisk  
  109  10:08  Hydralisk  
  109  10:13  Roach x2  
  117  10:15  Ravager x3  
  117  10:16  Ravager  
  117  10:20  Extractor  
  117  10:21  Roach x10  
  140  10:25  Ravager  
  141  10:34  Hydralisk x2  
  140  10:44  Drone  
  140  10:45  Drone x7  
  140  10:49  Spine Crawler, Extractor  
  146  10:51  Spine Crawler  
  146  10:56  Spine Crawler  
  144  10:57  Drone x3  
  144  10:59  Hydralisk x3  
  144  11:00  Hydralisk x3  
  159  11:05  Overlord x3  
  156  11:21  Overlord x2  
  156  11:25  Infestation Pit  
  156  11:28  Evolution Chamber  
  154  11:46  Roach x15  
  184  11:53  Hatchery  
  175  11:56  Roach  
  175  11:57  Roach x5  
  154  12:19  Hydralisk x5  
  154  12:21  Zergling x2  
  154  12:22  Zergling x12  
  135  12:32  Zergling x6  
  135  12:35  Zergling x2, Queen  
  135  12:36  Queen  
  120  12:37  Hydralisk  
  120  12:39  Overseer  
  120  12:42  Roach x2  
  111  12:47  Roach  
  111  12:49  Roach  
  110  12:54  Roach x2  
  97  13:07  Roach x5  
  102  13:15  Queen  
  102  13:16  Zergling x2  
  102  13:17  Zergling x20  
  107  13:30  Zergling x10  
  101  13:41  Hydralisk x5  
  95  13:43  Queen  
  95  13:46  Roach  
  100  13:48  Zergling x2  
  100  13:49  Zergling x22  
  105  13:59  Zergling x10  
Show
View Real Time Build Order
Export as new Build Order

Nice Protoss - Winner!

Build Orders:  

Get SALT Encoding   

  12  0:02  Probe (Chrono Boost)  
  13  0:12  Probe (Chrono Boost)  
  14  0:22  Pylon  
  14  0:23  Probe (Chrono Boost)  
  15  0:40  Probe (Chrono Boost)  
  16  0:50  Probe (Chrono Boost)  
  17  1:01  Probe (Chrono Boost)  
  18  1:11  Nexus  
  18  1:16  Gateway  
  18  1:18  Probe (Chrono Boost)  
  19  1:29  Probe (Chrono Boost)  
  19  1:30  Assimilator  
  20  1:35  Assimilator  
  21  1:40  Probe (Chrono Boost)  
  21  1:45  Gateway  
  21  1:50  Probe (Chrono Boost)  
  22  1:57  Pylon  
  22  2:07  Cybernetics Core  
  22  2:10  Probe (Chrono Boost)  
  23  2:21  Probe (Chrono Boost)  
  24  2:26  Probe (Chrono Boost)  
  25  2:31  Probe (Chrono Boost)  
  25  2:36  Probe (Chrono Boost)  
  27  2:42  Probe (Chrono Boost), Adept x2 (Chrono Boost)  
  32  2:48  Mothership Core (Chrono Boost)  
  32  2:49  Warp Gate  
  34  2:57  Probe (Chrono Boost)  
  35  3:00  Pylon  
  35  3:08  Probe (Chrono Boost), Pylon  
  35  3:09  Probe (Chrono Boost)  
  37  3:18  Adept  
  37  3:19  Probe (Chrono Boost), Adept  
  43  3:20  Probe (Chrono Boost)  
  43  3:29  Probe (Chrono Boost)  
  43  3:30  Probe (Chrono Boost)  
  45  3:37  Stargate  
  45  3:41  Probe x2 (Chrono Boost)  
  47  3:48  Pylon  
  47  3:51  Probe (Chrono Boost)  
  48  3:57  Robotics Facility  
  48  3:58  Gateway  
  48  4:03  Forge  
  48  4:08  Assimilator  
  40  4:30  Adept (Chrono Boost)  
  42  4:32  Adept (Chrono Boost)  
  41  4:39  Pylon  
  41  4:46  Probe  
  41  4:48  Probe  
  42  4:57  Probe  
  42  5:00  Probe  
  42  5:04  Adept  
  44  5:09  Probe  
  44  5:12  Probe (Chrono Boost)  
  44  5:16  Pylon  
  44  5:21  Probe (Chrono Boost)  
  44  5:23  Probe (Chrono Boost)  
  44  5:25  Warp Prism (Chrono Boost)  
  48  5:33  Probe x2  
  48  5:34  Oracle (Chrono Boost)  
  50  5:36  Pylon  
  53  5:45  Probe x2  
  53  5:47  Adept x2  
  59  5:54  Pylon  
  59  5:56  Adept  
  61  5:57  Probe  
  62  6:04  Assimilator  
  62  6:10  Probe x2, Robotics Bay  
  64  6:23  Adept  
  64  6:24  Adept x2  
  64  6:25  Probe x2  
  56  6:54  Disruptor  
  56  6:56  Pylon, Nexus  
  56  6:57  Pylon  
  59  7:06  Probe x2  
  61  7:08  Sentry  
  61  7:10  Gravitic Drive (Chrono Boost)  
  61  7:13  Stalker  
  65  7:18  Probe x2  
  67  7:25  Disruptor  
  67  7:30  Probe x2, Twilight Council  
  67  7:32  Photon Cannon  
  72  7:39  Protoss Ground Weapons Level 1  
  72  7:40  Photon Cannon  
  72  7:42  Probe  
  73  7:49  Probe  
  74  7:53  Stalker x2  
  74  7:55  Probe  
  74  7:56  Disruptor  
  74  7:58  Stalker  
  81  8:01  Probe  
  85  8:07  Probe  
  86  8:20  Stalker, Sentry  
  86  8:21  Stalker  
  86  8:22  Probe  
  86  8:23  Probe  
  86  8:24  Probe  
  86  8:25  Pylon  
  95  8:27  Disruptor  
  95  8:33  Probe  
  98  8:36  Probe  
  98  8:53  Probe  
  98  8:54  Probe x2  
  101  8:56  Assimilator  
  101  8:57  Assimilator  
  101  8:58  Stalker, Disruptor  
  101  8:59  Stalker x2  
  105  9:03  Gateway  
  105  9:04  Gateway  
  105  9:05  Pylon, Gateway  
  99  9:24  Stalker x2  
  99  9:31  Disruptor  
  98  9:39  Stalker  
  98  9:45  Blink (Chrono Boost)  
  96  9:48  Gateway  
  96  9:50  Gateway  
  96  9:56  Gateway x2  
  96  9:58  Pylon  
  97  10:05  Adept x4  
  97  10:06  Disruptor (Chrono Boost)  
  104  10:07  Stalker  
  109  10:24  Nexus  
  109  10:25  Pylon  
  106  10:28  Pylon  
  106  10:30  Pylon  
  106  10:38  Protoss Ground Weapons Level 2  
  106  10:42  Observer (Chrono Boost)  
  107  10:43  Stalker  
  107  10:44  Stalker x6  
  121  10:53  Pylon, Photon Cannon  
  121  10:54  Photon Cannon  
  121  10:56  Photon Cannon  
  121  10:58  Pylon  
  121  11:04  Disruptor (Chrono Boost)  
  124  11:18  Stalker x3  
  126  11:19  Stalker x4  
  126  11:22  Stalker  
  140  11:27  Resonating Glaives  
  140  11:32  Assimilator  
  140  11:35  Assimilator  
  140  11:37  Stalker x2  
  140  11:38  Photon Cannon  
  142  11:51  Stalker x3  
  146  12:00  Stalker x2  
  146  12:01  Stalker  
  150  12:10  Adept x3  
  150  12:11  Adept  
  143  12:20  Adept x2  
  142  12:23  Stalker x2  
  124  12:37  Stalker x4  
  124  12:48  Stalker x3  
  115  13:08  Stalker x3  
  115  13:09  Stalker x3  
  125  13:16  Stalker x2  
  125  13:19  Observer (Chrono Boost)  
  120  13:39  Stalker x3  
  120  13:40  Stalker x3  
  116  13:57  Stalker x4  
Tags
 
Add a new tag
Caveats
  • Supply blocks, unpowered buildings, or Contaminate may cause inaccurate times.
  • Supply counts are checked every 10 seconds.